 Dungeon Crawl Stone Soup version 0.26-a0-362-g1d9a9cd4fa (webtiles) character file.

Game seed: 3365284779666797981

1234 Gargoyl the Skirmisher (level 8, -2/67 HPs)
             Began as a Gnoll Abyssal Knight on July 18, 2020.
             Was a Priest of Lugonu.
             Slain by an orc warrior
             ... wielding a +0 halberd
              (18 damage)
             ... on level 6 of the Dungeon.
             The game lasted 00:07:38 (7008 turns).

Gargoyl the Skirmisher (Gnoll Abyssal Knight)       Turns: 7008, Time: 00:07:38

Health: -2/67      AC: 13    Str: 16    XL:     8   Next: 48%
Magic:  12/12      EV:  9    Int: 16    God:    Lugonu [***...]
Gold:   235        SH:  0    Dex: 20    Spells: 12/13 levels left

rFire    . . .     SeeInvis .   a - +3 hand axe
rCold    . . .     Faith    .   (no shield)
rNeg     + . .     Spirit   .   h - +0 chain mail
rPois    .         Reflect  .   g - +1 hat
rElec    .         Harm     .   q - +0 cloak
rCorr    .                      (no gloves)
MR       .....                  f - +0 pair of boots
Stlth    ..........             (no amulet)
HPRegen  0.21/turn              m - +6 ring of dexterity
MPRegen  0.13/turn              o - ring of positive energy

@: studying Axes
A: distributed training, fangs 1, strong nose
a: Depart the Abyss, Bend Space, Banish, Renounce Religion


You were on level 6 of the Dungeon.
You worshipped Lugonu.
Lugonu was most pleased with you.
You visited 1 branch of the dungeon, and saw 6 of its levels.
You visited the Abyss 1 time.

You collected 235 gold pieces.

Inventory:

Hand Weapons
 a - a +3 hand axe (weapon)
Missiles
 i - 5 boomerangs (quivered)
Armour
 f - a +0 pair of boots (worn)
 g - a +1 hat (worn)
 h - a +0 chain mail (worn)
 q - a +0 cloak (worn)
Jewellery
 m - a +6 ring of dexterity (left hand)
 o - a ring of positive energy (right hand)
Wands
 p - a wand of iceblast (10)
Scrolls
 d - 2 scrolls of identify
 e - 4 scrolls of teleportation
 j - 3 scrolls of remove curse
 t - a scroll of torment {unknown}
 u - a scroll of amnesia {unknown}
Potions
 c - a potion of magic
 k - a potion of haste
 l - 3 potions of curing
 n - a potion of might {unknown}
 r - a potion of invisibility
Books
 s - a manual of Axes


   Skills:
 + Level 7.3 Fighting
 + Level 3.2 Short Blades
 + Level 3.2 Long Blades
 + Level 6.0 Axes
 + Level 3.2 Maces & Flails
 + Level 3.2 Polearms
 + Level 3.2 Staves
 + Level 3.2 Slings
 + Level 3.2 Bows
 + Level 3.2 Crossbows
 + Level 3.2 Throwing
 + Level 5.6 Armour
 + Level 4.2 Dodging
 + Level 3.2 Stealth
 + Level 3.2 Shields
 + Level 3.2 Unarmed Combat
 + Level 3.2 Spellcasting
 + Level 2.6 Conjurations
 + Level 2.6 Hexes
   Level 0.0 Charms
 + Level 2.6 Summonings
 + Level 2.6 Necromancy
 + Level 2.6 Translocations
 + Level 2.6 Transmutations
 + Level 2.6 Fire Magic
 + Level 2.6 Ice Magic
 + Level 2.6 Air Magic
 + Level 2.6 Earth Magic
 + Level 2.6 Poison Magic
 + Level 5.9 Invocations
 + Level 3.2 Evocations


You had 12 spell levels left.
You knew the following spells:

 Your Spells              Type           Power        Failure   Level
a - Freeze                Ice            ##..         65%         1

Your spell library contained the following spells:

 Spells                   Type           Power        Failure   Level
 Frozen Ramparts          Ice            ##....       95%         3
 Ozocubu's Armour         Ice            ##......     95%         3
 Hailstorm                Conj/Ice       ##......     100%        4
 Summon Ice Beast         Ice/Summ       ##......     100%        4


Dungeon Overview and Level Annotations

Branches:
Dungeon (6/15)             Temple (0/1) D:4

Altars:
Fedhas
Okawaru
Sif Muna
Uskayaw
Yredelemnul
The Shining One

Shops:
D:6 :


Innate Abilities, Weirdness & Mutations

Your experience applies equally to all skills.
You have very sharp teeth.
Your uncanny sense of smell can sniff out nearby items.


Message History

The orc hits you with a +0 trident.
* * * LOW HITPOINT WARNING * * *
The orc priest closely misses you.
The orc warrior hits you from afar with a +0 halberd!
* * * LOW HITPOINT WARNING * * *
The orc closely misses you.
The orc priest calls upon Beogh to heal the orc.
The orc's wounds heal themselves!
Unknown command.
The orc hits you but does no damage.
The orc priest looks encouraged for a moment.
You feel much better.
The orc warrior hits you from afar with a +0 halberd!
* * * LOW HITPOINT WARNING * * *
The orc throws a boomerang.
The boomerang hits you.
* * * LOW HITPOINT WARNING * * *
The weapon returns to the orc!
There is a stone staircase leading up, spattered with blood here.
The orc warrior hits you from afar with a +0 halberd!!
You die...

##.#.#...............[...)...#...
#.#.#...................###.#...
#.#.#.....................#.##..
#.#.###.###......#####.##.#.##..
#.#..).)# #.[.o#o# #.##.#.##..
##...##### #....#o# #.......###
#...#.# #....#o# ####.#.##.#
#.#.#.# #....#.###....#.##.###
#<..#.# #....@.##.###.#.......
##...## #####..........#.####.##.
.##.#####........[##.#.#.####.##.
........#.#######.###.........##[
........#.# #.# ##.########..
#.#####.#.# #.####.## ##.
#.##......# #.......# ##
#.......#.# #.#####.####
#.##.#....# #.##.......#


You could see an orc warrior, 2 orc priests and an orc.

Vanquished Creatures
  2 ice beasts (D:6)
  A sky beast (D:6)
  An ogre (D:5)
  2 bullfrogs (D:6)
  A scorpion (D:4)
  A howler monkey (D:4)
  A hound (D:6)
  A quasit (Abyss:1)
  2 orc priests
  Crazy Yiuf (D:3)
  Terence (D:3)
  2 iguanas
  2 worker ants
  2 orc wizards
  Robin (D:2)
  11 gnolls
  5 adders
  A white imp (D:5)
  4 oozes
  6 worms
  2 leopard geckos
  11 orcs
  7 bats
  4 giant cockroaches
  21 goblins
  9 hobgoblins
  3 jackals (D:1)
  A quokka (D:2)
  A ball python (D:3)
  A ball python skeleton (D:4)
  3 frilled lizards
  A giant cockroach zombie (D:6)
  A jackal skeleton (D:6)
  2 jackal zombies
  5 kobolds
  2 quokka zombies
  11 rats
133 creatures vanquished.

Notes
Turn   | Place    | Note
-------+----------+-------------------------------------------
     0 | Abyss:1  | Gargoyl the Gnoll Abyssal Knight began the quest for the
                  | Orb.
     0 | Abyss:1  | Reached XP level 1. HP: 23/23 MP: 3/3
    30 | Abyss:1  | Noticed an efreet
   169 | Abyss:1  | Noticed a rust devil
   169 | Abyss:1  | Noticed a chaos spawn
   171 | Abyss:1  | Noticed a quasit
   171 | Abyss:1  | Noticed a ynoxinul
   176 | Abyss:1  | Killed a quasit
   176 | Abyss:1  | Reached XP level 2. HP: 23/29 MP: 5/5
   176 | Abyss:1  | Reached XP level 3. HP: 27/35 MP: 6/6
   196 | Abyss:1  | Noticed an iron dragon skeleton
   197 | Abyss:1  | Noticed an apocalypse crab
   204 | Abyss:1  | Noticed a large abomination
   216 | D:1      | Escaped the Abyss
   364 | D:1      | Reached * piety under Lugonu
   875 | D:1      | Reached skill level 1 in Short Blades
   875 | D:1      | Reached skill level 1 in Long Blades
   875 | D:1      | Reached skill level 1 in Maces & Flails
   875 | D:1      | Reached skill level 1 in Polearms
   875 | D:1      | Reached skill level 1 in Staves
   875 | D:1      | Reached skill level 1 in Slings
   875 | D:1      | Reached skill level 1 in Bows
   875 | D:1      | Reached skill level 1 in Crossbows
   875 | D:1      | Reached skill level 1 in Throwing
   875 | D:1      | Reached skill level 1 in Stealth
   875 | D:1      | Reached skill level 1 in Shields
   875 | D:1      | Reached skill level 1 in Unarmed Combat
   875 | D:1      | Reached skill level 1 in Spellcasting
   875 | D:1      | Reached skill level 1 in Evocations
   880 | D:1      | Reached XP level 4. HP: 38/41 MP: 7/7
  1405 | D:2      | Noticed Robin
  1423 | D:2      | Reached ** piety under Lugonu
  1444 | D:2      | Killed Robin
  1444 | D:2      | Reached skill level 1 in Conjurations
  1444 | D:2      | Reached skill level 1 in Hexes
  1444 | D:2      | Reached skill level 1 in Summonings
  1444 | D:2      | Reached skill level 1 in Necromancy
  1444 | D:2      | Reached skill level 1 in Translocations
  1444 | D:2      | Reached skill level 1 in Transmutations
  1444 | D:2      | Reached skill level 1 in Fire Magic
  1444 | D:2      | Reached skill level 1 in Ice Magic
  1444 | D:2      | Reached skill level 1 in Air Magic
  1444 | D:2      | Reached skill level 1 in Earth Magic
  1444 | D:2      | Reached skill level 1 in Poison Magic
  1580 | D:2      | Reached XP level 5. HP: 36/47 MP: 8/8
  2642 | D:3      | Noticed Terence
  2656 | D:3      | Killed Terence
  2809 | D:3      | Reached skill level 5 in Invocations
  2809 | D:3      | Reached XP level 6. HP: 39/53 MP: 9/9
  3136 | D:3      | Found a runed translucent door.
  3137 | D:3      | Noticed Crazy Yiuf
  3538 | D:3      | Killed Crazy Yiuf
  3641 | D:4      | Reached skill level 5 in Axes
  3641 | D:4      | Reached skill level 5 in Armour
  3740 | D:4      | Reached XP level 7. HP: 33/59 MP: 10/10
  3888 | D:4      | Found a hide-covered altar of Uskayaw.
  3888 | D:4      | Found a blossoming altar of Fedhas.
  4069 | D:4      | Found a staircase to the Ecumenical Temple.
  4200 | D:4      | Found an iron altar of Okawaru.
  4213 | D:4      | Reached *** piety under Lugonu
  4266 | D:5      | Entered Level 5 of the Dungeon
  4471 | D:5      | Reached skill level 7 in Fighting
  5171 | D:5      | Found a glowing golden altar of the Shining One.
  5973 | D:6      | Reached XP level 8. HP: 36/67 MP: 12/12
  6578 | D:6      | Found a shimmering blue altar of Sif Muna.
  6579 | D:6      | Found a shimmering blue altar of Sif Muna.
  6581 | D:6      | Found a basalt altar of Yredelemnul.
  6642 | D:6      | Found Qoacex's Book Shop.
  6651 | D:6      | Learned a level 1 spell: Freeze
  7008 | D:6      | Slain by an orc warrior

Illustrated notes

Levels and vault maps discovered:
D:1:      roderic_dead_forest, layout_basic, amethyst_killhole
D:2:      layout_loops_corners, uniq_robin
D:3:      layout_basic, uniq_terence, uniq_crazy_yiuf_cottage
D:4:      layout_rooms, grunt_temple_overflow_open, kennysheep_okawaru_gauntlet,
          temple_doors_e
D:5:      layout_loops_corners, nicolae_overflow_hidden_temple
D:6:      layout_loops_cross, chequers_temple_overflow_statue_of_worship,
          nicolae_ossuary_entry_plus, serial_shops, shop, basic_altar,
          minmay_manual_mail

Skill      XL: |  1  2  3  4  5  6  7  8 |
---------------+-------------------------+-----
Short Blades   | 1 2 3 |  3.2
Long Blades    | 1 2 3 |  3.2
Maces & Flails | 1 2 3 |  3.2
Polearms       | 1 2 3 |  3.2
Staves         | 1 2 3 |  3.2
Slings         | 1 2 3 |  3.2
Bows           | 1 2 3 |  3.2
Crossbows      | 1 2 3 |  3.2
Throwing       | 1 2 3 |  3.2
Stealth        | 1 2 3 |  3.2
Shields        | 1 2 3 |  3.2
Unarmed Combat | 1 2 3 |  3.2
Spellcasting   | 1 2 3 |  3.2
Evocations     | 1 2 3 |  3.2
Conjurations   | 1 2 |  2.6
Hexes          | 1 2 |  2.6
Summonings     | 1 2 |  2.6
Necromancy     | 1 2 |  2.6
Translocations | 1 2 |  2.6
Transmutations | 1 2 |  2.6
Fire Magic     | 1 2 |  2.6
Ice Magic      | 1 2 |  2.6
Air Magic      | 1 2 |  2.6
Earth Magic    | 1 2 |  2.6
Poison Magic   | 1 2 |  2.6
Dodging        | 3 4 |  4.2
Invocations    | 5 |  5.9
Axes           | 5 6 |  6.0
Armour         | 5 |  5.6
Fighting       | 7 |  7.3

Action                   |  1- 3 |  4- 6 |  7- 9 || total
-------------------------+-------+-------+-------++-------
Melee: Hand axe          |    42 |   238 |   248 ||   528
       Bite              |     4 |    39 |    43 ||    86
       Punch             |       |     1 |     1 ||     2
Throw: Boomerang         |       |     4 |     4 ||     8
 Cast: Freeze            |       |       |     1 ||     1
Invok: Depart the Abyss  |     1 |       |       ||     1
  Use: Scroll            |       |     6 |     6 ||    12
       Potion            |       |       |     2 ||     2
Armor: Leather armour    |    19 |     1 |       ||    20
       Ring mail         |       |    55 |       ||    55
       Chain mail        |       |    75 |   134 ||   209
Dodge: Dodged            |    36 |   142 |   143 ||   321

Table legend:
 A = Non-vault XP
 B = Vault XP
 C = Vault XP percentage of total XP
 D = Non-vault monster count
 E = Vault monster count
 F = Vault count percentage of total count
                 A         B        C        D         E       F
            +---------+---------+-------+---------+---------+-------
      Total |    1507 |     256 |  14.5 |     116 |      17 |  12.8
            +---------+---------+-------+---------+---------+-------
        D:1 |      49 |       0 |   0.0 |      27 |       0 |   0.0
        D:2 |     131 |      35 |  21.1 |      25 |      11 |  30.6
        D:3 |      82 |      77 |  48.4 |      15 |       2 |  11.8
        D:4 |     279 |       4 |   1.4 |      13 |       2 |  13.3
        D:5 |     284 |       0 |   0.0 |      12 |       0 |   0.0
        D:6 |     637 |     140 |  18.0 |      23 |       2 |   8.0
    Abyss:1 |      45 |       0 |   0.0 |       1 |       0 |   0.0
            +---------+---------+-------+---------+---------+-------
